 Dungeon Crawl Stone Soup version 0.21.1-1-g345015fe64 (webtiles) character file.

2077 Mrkan the Basher (level 9, -1/57 HPs)
             Began as a Gargoyle Fighter on May 6, 2018.
             Slain by a yak (8 damage)
             ... on level 10 of the Dungeon.
             The game lasted 00:15:14 (6498 turns).

Mrkan the Basher (Gargoyle Fighter)                 Turns: 6498, Time: 00:15:15

Health: -1/57      AC: 19    Str: 23    XL:     9   Next: 26%
Magic:  9/9        EV:  4    Int:  8    God:
Gold:   422        SH:  9    Dex: 10    Spells: 8/8 levels left

rFire    . . .     SeeInvis .   C - +1 flail (crush)
rCold    + . .     Gourm    .   c - +0 shield
rNeg     + . .     Faith    .   s - +0 plate armour
rPois    ∞         Spirit   .   i - +0 hat
rElec    +         Reflect  .   (no cloak)
rCorr    .         Harm     .   (no gloves)
MR       .....                  (no boots)
Stlth    ..........             (no amulet)
HPRegen  0.19/turn              B - ring of protection from fire
MPRegen  0.11/turn              l - ring of ice

@: invisible
A: negative energy resistance 1, electricity resistance, unbreathing,
petrification resistance, rot immunity, AC +6
a: no special abilities


You were on level 10 of the Dungeon.
You were not hungry.

You visited 1 branch of the dungeon, and saw 8 of its levels.

You collected 422 gold pieces.

Inventory:

Hand Weapons
 a - a +1 flail
 p - a +0 morningstar
 C - a +1 flail of crushing (weapon)
Armour
 b - a +0 scale mail
 c - a +0 shield (worn)
 i - a +0 hat (worn)
 s - a +0 plate armour (worn)
Jewellery
 l - a ring of ice (right hand)
 B - a ring of protection from fire (left hand)
 F - an uncursed ring of wizardry {unknown}
 G - a cursed -3 ring of intelligence {unknown}
Scrolls
 e - 5 scrolls of identify
 g - a scroll of magic mapping {unknown}
 o - 2 scrolls of enchant weapon
 t - 4 scrolls of teleportation
 w - a scroll of immolation {unknown}
 y - a scroll of remove curse
 z - a scroll of noise {unknown}
 D - 2 scrolls of fog {unknown}
Potions
 h - 6 potions of brilliance
 j - a potion of agility {unknown}
 k - a potion of cancellation {unknown}
 m - 3 potions of heal wounds {unknown}
 n - a potion of resistance {unknown}
 q - a potion of haste {unknown}
 r - 4 potions of lignification
 u - a potion of degeneration {unknown}
 v - 2 potions of flight {unknown}
 x - 2 potions of berserk rage {unknown}
 A - 3 potions of mutation {unknown}
 E - 2 potions of curing {unknown}
Comestibles
 d - 6 chunks of flesh
 f - 9 rations


   Skills:
 - Level 7.0 Fighting
 * Level 8.8 Maces & Flails
 + Level 7.4 Armour
 - Level 3.2 Shields


You had 8 spell levels left.
You didn't know any spells.

Dungeon Overview and Level Annotations

Branches:
Dungeon (7/15)
 Temple: D:4-7

Altars:

Shops:
D:4 }   D:6 ?

Portals:
Bailey: D:10


Innate Abilities, Weirdness & Mutations

You are resistant to torment.
Your stone body is resilient. (AC +6)
You are immune to poison.
You resist negative energy. (rN+)
You are resistant to electric shocks. (rElec)
You can survive without breathing.
You are immune to petrification.
You are immune to rotting.


Message History

You kill the ogre!
The yak gores you.
* * * LOW HITPOINT WARNING * * *
Things that are here:
a giant club; an ogre corpse You hit the yak but do no damage.
The yak is almost dead.
You block the yak's attack.
Some of the chunks of flesh in your inventory have rotted away.
You hit the yak.
The yak is almost dead.
The yak gores you.
* * * LOW HITPOINT WARNING * * *
You hit the yak but do no damage.
The yak is almost dead.
The yak gores you but does no damage.
It was a potion of invisibility.
You fade into invisibility!
The yak gores you!
You die...

### ..# #.#
###.# #.#<##
...Y. #.#Y#
#.#Y# #.###.#@#
#.......#
#####.###
#####.#####
#.........#####
#.###.###.#...#
#.# #.........#
#.#####...#....
#..............


You could see 3 yaks.

Vanquished Creatures
  A yak (D:10)
  Edmund (D:6)
  An ice beast (D:5)
  2 sky beasts
  A phantom (D:6)
  2 ogres
  An orc warrior (D:6)
  A black bear (D:6)
  2 centaurs
  2 bullfrogs
  A scorpion (D:7)
  2 bullfrog zombies
  2 hounds
  2 orc wizards
  A centaur skeleton (D:6)
  An orc priest (D:5)
  2 jellies (D:6)
  A bullfrog skeleton (D:6)
  3 iguanas
  3 worker ants
  2 worker ant zombies
  A howler monkey zombie (D:4)
  10 adders
  2 shadow imps
  An ooze (D:1)
  An adder zombie (D:2)
  4 adder skeletons
  A worm (D:3)
  2 dart slugs (D:1)
  7 leopard geckos
  22 orcs
  7 bats
  5 giant cockroaches
  7 hobgoblins
  8 jackals
  4 quokkas
  2 ball pythons (D:1)
  4 frilled lizards
  6 goblins
  8 kobolds
  A quokka skeleton (D:5)
  7 rats
144 creatures vanquished.

Notes
Turn   | Place    | Note
-------+----------+-------------------------------------------
     0 | D:1      | Mrkan the Gargoyle Fighter began the quest for the Orb.
     0 | D:1      | Reached XP level 1. HP: 14/14 MP: 1/1
    85 | D:1      | Reached XP level 2. HP: 11/19 MP: 2/2
   716 | D:1      | Reached XP level 3. HP: 24/24 MP: 3/3
  1177 | D:2      | Reached skill level 3 in Maces & Flails
  1177 | D:2      | Reached XP level 4. HP: 24/29 MP: 4/4
  2216 | D:3      | Reached XP level 5. HP: 26/34 MP: 5/5
  2445 | D:4      | Found Pohoykue's Gadget Boutique.
  3421 | D:5      | Entered Level 5 of the Dungeon
  3429 | D:5      | Reached skill level 5 in Fighting
  3544 | D:5      | Reached skill level 4 in Maces & Flails
  3575 | D:5      | Noticed an ogre
  3584 | D:5      | Reached XP level 6. HP: 40/40 MP: 6/6
  3590 | D:5      | HP: 1/40 [ogre/giant club (9)]
  3728 | D:5      | Noticed an ice beast
  3732 | D:5      | Killed an ice beast
  3732 | D:5      | Reached XP level 7. HP: 17/46 MP: 7/7
  3864 | D:5      | Reached skill level 5 in Maces & Flails
  4033 | D:5      | Reached skill level 5 in Armour
  4896 | D:6      | Noticed Edmund
  4912 | D:6      | Killed Edmund
  4912 | D:6      | Reached XP level 8. HP: 53/53 MP: 8/8
  4928 | D:6      | Reached skill level 6 in Maces & Flails
  5407 | D:6      | Reached skill level 7 in Maces & Flails
  5638 | D:6      | Found Luemn's Magic Scroll Shop.
  6355 | D:7      | Reached skill level 8 in Maces & Flails
  6363 | D:7      | Reached XP level 9. HP: 56/57 MP: 9/9
  6436 | D:7      | You fall through a shaft for 3 floors!
  6436 | D:10     | Entered Level 10 of the Dungeon
  6456 | D:10     | Found a flagged portal.
  6498 | D:10     | Slain by a yak

Skill      XL: |  1  2  3  4  5  6  7  8  9 |
---------------+----------------------------+-----
Fighting       | 4 5 6 7 |  7.0
Maces & Flails | 3 4 5 8 |  8.8
Armour         | 4 5 6 7 |  7.4
Shields        | |  3.2

Action                   |  1- 3 |  4- 6 |  7- 9 || total
-------------------------+-------+-------+-------++-------
Melee: Flail             |   128 |   198 |   188 ||   514
       Morningstar       |       |    43 |    79 ||   122
  Use: Scroll            |       |     6 |       ||     6
       Potion            |       |     1 |     2 ||     3
  Eat: Chunk             |     1 |     7 |     1 ||     9
       Ration            |       |     1 |     2 ||     3
Armor: Scale mail        |    81 |    10 |       ||    91
       Plate armour      |       |   148 |   175 ||   323
Dodge: Dodged            |    57 |    42 |    44 ||   143
Block: Shield            |    85 |   144 |   134 ||   363
